 Dungeon Crawl Stone Soup version 0.28-a0-1389-gc726bef33b (webtiles) character file.

Game seed: 6893987962795396372

4 Sabo the Sneak (level 1, 0/9 HPs)
             Began as a Spriggan Conjurer on Jan 4, 2022.
             Constricted to death by a ball python (1 damage)
             ... on level 1 of the Dungeon.
             The game lasted 00:01:22 (114 turns).

Sabo the Sneak (Spriggan Conjurer)                   Turns: 114, Time: 00:01:25

Health: 0/9        AC:  2    Str:  3    XL:     1   Next: 50%
Magic:  0/5        EV: 14    Int: 19    God:
Gold:   0          SH:  0    Dex: 13    Spells: 4/5 levels left

rFire   . . .      SeeInvis +   c - +0 hand axe
rCold   . . .      Faith    .   (no shield)
rNeg    . . .      Spirit   .   a - +0 robe
rPois   .          Reflect  .   (helmet restricted)
rElec   .          Harm     .   (no cloak)
rCorr   .          Rampage  .   (gloves unavailable)
Will    .....                   (boots unavailable)
Stlth   ++........              (no amulet)
HPRegen 0.03/turn               (no ring)
MPRegen 0.09/turn               (no ring)

@: constricted, very quick
A: very small, no large weapons, unfitting armour, see invisible, speed 3
a: no special abilities


You were on level 1 of the Dungeon.
You visited 1 branch of the dungeon, and saw 1 of its levels.

Inventory:

Hand Weapons
 c - a +0 hand axe (weapon)
Missiles
 b - 23 stones
 d - 14 arrows
Armour
 a - a +0 robe (worn)


   Skills:
 + Level 2.9 Dodging
 + Level 3.0 Stealth
 + Level 2.7 Spellcasting
 + Level 3.0 Conjurations


You had 4 spell levels left.
You knew the following spells:

 Your Spells              Type           Power      Damage    Failure   Level
a - Magic Dart            Conj           56%        1d5       4%          1

Your spell library contained the following spells:

 Spells                   Type           Power      Damage    Failure   Level
 Searing Ray              Conj           28%        2d5       7%          2
 Dazzling Flash           Conj/Hex       16%        N/A       26%         3
 Fulminant Prism          Conj/Hex       4%         3d6       63%         4
 Iskenderun's Mystic Bla  Conj/Tloc      8%         2d4       63%         4


Dungeon Overview and Level Annotations

Branches:
Dungeon (1/15)

Altars:


Innate Abilities, Weirdness & Mutations

You are very small and have problems with some larger weapons.
You are too small for most types of armour.
You have supernaturally acute eyesight. (SInv)
You cover ground extremely quickly. (Speed+++)


Message History

You hit the jackal but do no damage.
The jackal is lightly wounded.
You closely miss the giant cockroach.
The jackal bites you but does no damage.
The jackal completely misses you.
The giant cockroach bites you but does no damage.
Your magical contamination has completely faded away.
You hit the giant cockroach but do no damage.
You closely miss the jackal. The jackal misses you.
The giant cockroach misses you. The jackal completely misses you.
The giant cockroach completely misses you.
You closely miss the giant cockroach. You hit the jackal but do no damage.
The jackal misses you. The giant cockroach misses you.
The jackal closely misses you.
You hit the giant cockroach but do no damage.
You hit the jackal but do no damage. The jackal barely misses you.
The giant cockroach closely misses you. The jackal bites you.
The giant cockroach closely misses you.
You barely miss the giant cockroach. You closely miss the jackal.
The jackal barely misses you. The giant cockroach barely misses you.
The jackal barely misses you.
You closely miss the giant cockroach. You hit the jackal.
The giant cockroach completely misses you.
The jackal closely misses you. The giant cockroach barely misses you.
Casting: Magic Dart (safe; 4% risk of failure)
Confirm with . or Enter, or press ? or * to list all spells.
Aiming: Magic Dart (safe; 4% risk of failure)
Press: ? - help, Shift-Dir - straight line, f - giant cockroach
Aim: a giant cockroach (100% to hit)
The magic dart hits the giant cockroach.
You kill the giant cockroach!
The jackal barely misses you. The jackal bites you.
* * * LOW HITPOINT WARNING * * *
You hit the jackal but do no damage.
The jackal is heavily wounded.
You hit the ball python. The jackal bites you.
* * * LOW HITPOINT WARNING * * *
The ball python closely misses you. The ball python grabs you.
The ball python constricts you.
You die...

#.# #.# ... #.#
#.################
#.#$#..#.....#..#.
#S#.#..#..#..#..#.
#@h...............
#...#..#..#..#....
#.#..........#....
#.#...)#..#.....<.
#.################
..# ... .#.#


You could see a jackal and a ball python.

Vanquished Creatures
  A giant cockroach (D:1)
  2 jackals (D:1)
3 creatures vanquished.

Notes
Turn   | Place    | Note
-------+----------+-------------------------------------------
     0 | D:1      | Sabo the Spriggan Conjurer began the quest for the Orb.
     0 | D:1      | Reached XP level 1. HP: 9/9 MP: 5/5
   114 | D:1      | Constricted to death by a ball python

Illustrated notes

Levels and vault maps discovered:
D:1:      dpeg_arrival_ternary, layout_rooms, serial_shops,
          nicolae_shop_competitors_out_of_business, serial_bayou_lagoon_a,
          minmay_indecisive_spiral

Skill      XL: |  1 |
---------------+----+-----
Conjurations   | 3 |  3.0
Dodging        | |  2.9
Stealth        | |  3.0
Spellcasting   | |  2.7

Action                   || total
-------------------------++-------
Melee: Hand axe          ||     9
 Cast: Magic Dart        ||     5
Armor: Robe              ||     4
Dodge: Dodged            ||    28

Table legend: (Time is in decaauts)
 A = Elapsed time spent in this place.
 B = Non-inter-level travel time spent in this place.
 C = Inter-level travel time spent in this place.
 D = Time resting spent in this place.
 E = Time spent auto-exploring this place.
 F = Levels seen in this place.
 G = Mean time per level.
                   A        B        C        D        E       F      G
               +--------+--------+--------+--------+--------+-----+--------+
         Total |     77 |     77 |      0 |      0 |      0 |   1 |   77.0 |
       Dungeon |     77 |     77 |      0 |      0 |      0 |   1 |   77.0 |
               +--------+--------+--------+--------+--------+-----+--------+

Top non-repeatable levels by time:
     D:1: 77 daAuts
